 Dungeon Crawl Stone Soup version 0.28.0 (webtiles) character file.

Game seed: 10716900626201724965

84 pkoi the Shooter (level 4, -8/38 HPs)
             Began as a Minotaur Hunter on Feb 10, 2022.
             Killed from afar by Sigmund (9 damage)
             ... with a puff of flame
             ... on level 3 of the Dungeon.
             The game lasted 00:02:50 (2121 turns).

pkoi the Shooter (Minotaur Hunter)                  Turns: 2121, Time: 00:02:51

Health: -8/38      AC:  6    Str: 16    XL:     4   Next: 24%
Magic:  3/3        EV: 12    Int:  8    God:
Gold:   158        SH:  0    Dex: 13    Spells: 3/3 levels left

rFire   . . .      SeeInvis .   a - +1 shortbow
rCold   . . .      Faith    .   (shield currently unavailable)
rNeg    . . .      Spirit   .   c - +0 leather armour
rPois   .          Reflect  .   (helmet restricted)
rElec   .          Harm     .   (no cloak)
rCorr   .          Rampage  .   i - +2 pair of gloves
Will    .....                   (no boots)
Stlth   ++........              (no amulet)
HPRegen 0.12/turn               (no ring)
MPRegen 0.08/turn               (no ring)

@: no status effects
A: horns 2, retaliatory headbutt
a: no special abilities


You were on level 3 of the Dungeon.
You visited 1 branch of the dungeon, and saw 3 of its levels.

You collected 158 gold pieces.

Inventory:

Hand Weapons
 a - a +1 shortbow (weapon)
 b - a +0 short sword
Missiles
 d - 20 arrows (quivered ammo)
Armour
 c - a +0 leather armour (worn)
 i - a +2 pair of gloves (worn)
Scrolls
 e - 4 scrolls of identify
 f - 2 scrolls of magic mapping {unknown}
 g - 4 scrolls of teleportation {unknown}
Potions
 h - a potion of curing


   Skills:
 + Level 3.4 Fighting
 * Level 5.4 Bows
 - Level 2.1 Dodging
 + Level 1.8 Stealth


You had 3 spell levels left.
You didn't know any spells.
Your spell library was empty.

Dungeon Overview and Level Annotations

Branches:
Dungeon (3/15)

Altars:

Annotations:
D:3 Sigmund


Innate Abilities, Weirdness & Mutations

You have a pair of horns on your head.
You reflexively headbutt those who attack you in melee.


Message History

You feel less confused. Something barely misses you.
Fire: 25 arrows
Press: ? - help, Q - select action Shift-Dir - straight line, f - you You shoot an arrow.
A puff of flame appears from out of thin air!
The puff of flame hits you.
* * * LOW HITPOINT WARNING * * *
Fire: 24 arrows
Press: ? - help, Q - select action Shift-Dir - straight line, f - you You shoot an arrow.
Unknown command.
Fire: 23 arrows
Press: ? - help, Q - select action Shift-Dir - straight line, f - you You shoot an arrow.
Something hits you!
* * * LOW HITPOINT WARNING * * *
Unknown command.
Fire: 22 arrows
Press: ? - help, Q - select action Shift-Dir - straight line, f - you You shoot an arrow.
Something hits you!
* * * LOW HITPOINT WARNING * * *
Unknown command.
Fire: 21 arrows
Press: ? - help, Q - select action Shift-Dir - straight line, f - you You shoot an arrow.
Something hits you but does no damage.
Unknown command.
Okay, then.
As you read the scroll labelled ZEQUEVUROR, it crumbles to dust.
It is a scroll of identify.
j - a scroll of fear Sigmund appears from thin air!
Reactivating autopickup.
As you read the scroll of fear, it crumbles to dust.
You assume a fearsome visage.
Sigmund looks frightened!
Sigmund gestures at you while chanting. The puff of flame hits you!
You die...

##...## #.# ##...(.##
#.# # ##..)....##
#.#(#
#.........###..#.###
+.........+(........#
#.........#.#######.#
##.......##@# .##
##.....###.#...##
##...## #@.....#
##'## #.#...## #.#
#.##.## #.# #.# ##
##.#####..
##.........
#.....####. ####...##
##.# ###...#..##....


You could see Sigmund (fleeing).

Vanquished Creatures
  A hound skeleton (D:3)
  An adder (D:2)
  A gnoll (D:2)
  2 worms
  2 dart slugs (D:1)
  2 bats (D:1)
  5 endoplasms
  A giant cockroach (D:1)
  4 goblins
  6 hobgoblins
  2 jackals (D:2)
  5 kobolds
  4 ball pythons
  4 frilled lizards
  A rat (D:1)
41 creatures vanquished.

Notes
Turn   | Place    | Note
-------+----------+-------------------------------------------
     0 | D:1      | pkoi the Minotaur Hunter began the quest for the Orb.
     0 | D:1      | Reached XP level 1. HP: 18/18 MP: 0/0
   181 | D:1      | Reached skill level 1 in Stealth
   282 | D:1      | Reached XP level 2. HP: 25/25 MP: 1/1
   711 | D:1      | Found a faded altar of an unknown god.
   762 | D:1      | Reached skill level 5 in Bows
   796 | D:1      | Reached XP level 3. HP: 25/31 MP: 2/2
  1878 | D:3      | Reached XP level 4. HP: 38/38 MP: 3/3
  2073 | D:3      | Noticed Sigmund
  2118 | D:3      | HP: 1/38 [something (7)]
  2121 | D:3      | Killed from afar by Sigmund

Illustrated notes

Levels and vault maps discovered:
D:1:      lightli_arrival_farm, layout_basic, shapermc_ecumenical_altar_pompeii
D:2:      layout_rooms, cheibrodos_gnoll_hut
D:3:      layout_loops_corners, nicolae_hepliaklqana_hippocampus,
          pdpol_wu_jian_five_deadly_venoms, minmay_misc_feat_more_columns,
          uniq_sigmund

Skill      XL: |  1  2 |
---------------+-------+-----
Stealth        | 1 |  1.8
Fighting       | 3 |  3.4
Bows           | 5 |  5.4
Dodging        | |  2.1

Action                   |  1- 3 |  4- 6 || total
-------------------------+-------+-------++-------
Melee: Short sword       |    64 |       ||    64
       Punch             |     2 |       ||     2
       Headbutt          |     3 |       ||     3
 Fire: Shortbow          |    43 |    32 ||    75
  Use: Scroll            |       |     2 ||     2
       Potion            |       |     1 ||     1
 Stab: Sleeping          |     1 |       ||     1
Armor: Leather armour    |    22 |     3 ||    25
Dodge: Dodged            |    42 |     4 ||    46
